 Dungeon Crawl Stone Soup version 0.28.0-43-g3370ac3207 (webtiles) character file.

Game seed: 1052533929152052598

1437 sanboga the Chopper (level 8, -7/51 HPs)
             Began as a Gargoyle Fighter on Mar 2, 2022.
             Was an Initiate of Trog.
             Mangled by a two-headed ogre
             ... wielding a +0 giant spiked club
              (29 damage)
             ... on level 7 of the Dungeon.
             The game lasted 00:08:24 (6067 turns).

sanboga the Chopper (Gargoyle Fighter)              Turns: 6067, Time: 00:08:25

Health: -7/51      AC: 20    Str: 28    XL:     8   Next: 74%
Magic:  8/8        EV:  8    Int:  9    God:    Trog [......]
Gold:   398        SH:  5    Dex:  9    Spells: 7/7 levels left

rFire   . . .      SeeInvis .   a - +2 hand axe (flame)
rCold   . . .      Faith    .   c - +0 buckler
rNeg    + . .      Spirit   .   p - +0 chain mail
rPois   ∞          Reflect  .   u - +2 hat
rElec   +          Harm     .   (no cloak)
rCorr   .          Rampage  .   k - +0 pair of gloves
Will    +....                   g - +0 pair of boots
Stlth   ..........              i - amulet of magic regeneration
HPRegen 0.17/turn               l - ring of willpower
MPRegen 0.51/turn               s - +6 ring of strength

@: no status effects
A: sickness immunity, AC +5, negative energy resistance 1, electricity
resistance, torment resistance 1, petrification resistance
a: Renounce Religion


You were on level 7 of the Dungeon.
You worshipped Trog.
Trog was noncommittal.
You visited 2 branches of the dungeon, and saw 9 of its levels.

You collected 398 gold pieces.

Inventory:

Hand Weapons
 a - a +2 hand axe of flaming (weapon)
 b - a +0 broad axe of electrocution
Armour
 c - a +0 buckler (worn)
 g - a +0 pair of boots (worn)
 k - a +0 pair of gloves (worn)
 p - a +0 chain mail (worn)
 u - a +2 hat (worn)
Jewellery
 i - an amulet of magic regeneration (around neck)
 l - a ring of willpower (left hand)
 s - a +6 ring of strength (right hand)
Wands
 o - a wand of paralysis (8)
 v - a wand of flame (48)
 x - a wand of iceblast (10)
Scrolls
 f - a scroll of fear {unknown}
 h - a scroll of blinking {unknown}
 j - a scroll of teleportation
 q - a scroll of enchant armour {unknown}
 t - a scroll of noise {unknown}
 w - a scroll of identify
Potions
 d - 4 potions of curing
 e - 4 potions of haste
 m - a potion of magic
 n - 3 potions of flight
 r - a potion of brilliance {unknown}
 z - a potion of cancellation {unknown}
 A - a potion of attraction {unknown}


   Skills:
 + Level 6.0 Fighting
 * Level 6.3 Axes
 + Level 6.1 Armour
 + Level 6.1 Shields


You had 7 spell levels left.
You didn't know any spells.
Your spell library contained the following spells:

 Spells                   Type           Power      Damage    Failure   Level
 Ensorcelled Hibernation  Hex/Ice        0%         N/A       98%         2
 Passwall                 Tmut/Erth      0%         N/A       98%         2
 Ozocubu's Armour         Ice            0%         N/A       100%        3
 Swiftness                Air            0%         N/A       100%        3
 Metabolic Englaciation   Hex/Ice        0%         N/A       100%        5
 Simulacrum               Ice/Necr       0%         N/A       100%        6


Dungeon Overview and Level Annotations

Branches:
Dungeon (8/15)             Temple (1/1) D:6
   Lair: D:8-11

Altars:
Ashenzari
Cheibriados
Dithmenos
Elyvilon
Fedhas
Gozag
Hepliaklqana
Kikubaaqudgha
Makhleb
Nemelex Xobeh
Okawaru
Ru
Sif Muna
Trog
Uskayaw
Vehumet
Wu Jian
Xom
Yredelemnul
Zin
The Shining One

Annotations:
D:7 3 runed translucent doors, zeram's ghost, novice GrFi


Innate Abilities, Weirdness & Mutations

You are immune to sickness and miasma.
Your stone body is resilient. (AC +5)
You are immune to poison.
You resist negative energy. (rN+)
You are resistant to electric shocks. (rElec)
You are resistant to unholy torment.
You are immune to petrification.


Message History

You miss the killer bee. The killer bee barely misses you.
A kobold comes into view. It is wielding a +0 whip.
The killer bee stings you but does no damage.
You barely miss the killer bee.
The killer bee stings you but does no damage.
A kobold comes into view. It is wielding a +0 short sword.
The killer bee stings you but does no damage.
A wight comes into view. It is wielding a +0 battleaxe.
You miss the killer bee. The killer bee barely misses you.
The killer bee closely misses you.
A kobold comes into view.
It is wielding a +0 dagger and quivering poisoned darts.
You hit the killer bee. You burn the killer bee.
The killer bee is lightly wounded.
The killer bee stings you but does no damage.
The killer bee barely misses you.
A wight comes into view. It is wielding a +0 great sword.
A gnoll comes into view. It is wielding a +0 halberd.
You slash the killer bee! You burn the killer bee.
The killer bee is severely wounded.
The sentinel's mark upon you fades away.
The killer bee barely misses you.
A kobold brigand comes into view.
It is wielding a +0 short sword and quivering curare-tipped darts.
The killer bee completely misses you.
The killer bee stings you but does no damage.
The killer bee closely misses you. You block the killer bee's attack.
The kobold throws a stone.
You block the stone.
You climb upwards.
Level annotation: 3 runed translucent doors, zeram's ghost, novice GrFi The killer bee stings you but does no damage. x2
You block the two-headed ogre's attack. The two-headed ogre closely misses you.
The killer bee barely misses you.
There is a stone staircase leading down here.
Aiming: Paralyse
Press: ? - help, Shift-Dir - straight line, f - two-headed ogre
Aim: a two-headed ogre, wielding a +0 giant spiked club and a +0 giant club (chance to affect: 31%)
The two-headed ogre easily resists.
You block the killer bee's attack. The killer bee stings you.
You block the killer bee's attack.
The two-headed ogre hits you with a +0 giant spiked club!!
Ouch! That really hurt!
You die...

#..##.#...##.#####....
##....#O.....#..####..
##..##..##.....#.##..
#.......##.........#
##...##.#.......#..#
#..##..........#.##
##...#............##
#..y...........#....
##y@O..........##...
####..........###..
#..........##...
####........##..##
##............#....
#..................
#....#....##.......
#....##....###.....
#....##.....##.....


You could see a two-headed ogre and 2 killer bees.

Vanquished Creatures
  Menkaure (D:7)
  An ice beast (D:6)
  A sky beast (D:5)
  A necrophage (D:6)
  3 ogres
  2 centaurs
  A phantom (D:6)
  A scorpion (D:6)
  2 howler monkeys
  The ghost of DemonSlayer the Magician, a weakling DEFE (D:3)
  A bullfrog zombie (D:7)
  A hound (D:5)
  A jelly (D:7)
  A bullfrog skeleton (D:5)
  An iguana (D:5)
  An orc wizard (D:6)
  A hound skeleton (D:4)
  9 adders
  3 shadow imps
  2 ufetubi (D:6)
  3 worms
  A dart slug (D:1)
  6 orcs
  4 bats
  5 endoplasms
  5 giant cockroaches
  5 hobgoblins
  4 quokkas
  7 ball pythons
  2 frilled lizards (D:1)
  2 goblins
  8 kobolds
  8 rats
95 creatures vanquished.

Notes
Turn   | Place    | Note
-------+----------+-------------------------------------------
     0 | D:1      | sanboga the Gargoyle Fighter began the quest for the Orb.
     0 | D:1      | Reached XP level 1. HP: 14/14 MP: 1/1
    63 | D:1      | Reached XP level 2. HP: 17/19 MP: 2/2
   809 | D:2      | Reached XP level 3. HP: 18/23 MP: 3/3
  1314 | D:3      | Found a faded altar of an unknown god.
  1321 | D:3      | Reached XP level 4. HP: 29/29 MP: 4/4
  1336 | D:3      | Found a runed translucent door.
  1341 | D:3      | Noticed DemonSlayer's ghost (weakling DEFE)
  1369 | D:3      | Killed DemonSlayer's ghost
  1594 | D:3      | Reached XP level 5. HP: 24/33 MP: 5/5
  2596 | D:4      | Identified a scroll of acquirement
  2600 | D:4      | Acquired a +0 broad axe of electrocution
  2624 | D:5      | Entered Level 5 of the Dungeon
  2715 | D:5      | Reached XP level 6. HP: 34/38 MP: 6/6
  3136 | D:5      | Noticed a sky beast
  3146 | D:5      | Killed a sky beast
  3233 | D:5      | Reached XP level 7. HP: 24/44 MP: 7/7
  3813 | D:6      | Reached skill level 5 in Fighting
  3813 | D:6      | Reached skill level 5 in Armour
  3813 | D:6      | Reached skill level 5 in Shields
  3888 | D:6      | Found a staircase to the Ecumenical Temple.
  3900 | D:6      | Reached skill level 5 in Axes
  3900 | D:6      | HP: 2/44 [adder (4)]
  4220 | Temple   | Entered the Ecumenical Temple
  4485 | Temple   | Became a worshipper of Trog the Wrathful
  4516 | D:6      | Reached XP level 8. HP: 10/49 MP: 8/8
  5670 | D:7      | Noticed Menkaure
  5680 | D:7      | Killed Menkaure
  5823 | D:7      | Found a runed translucent gate.
  5823 | D:7      | Found a runed translucent gate.
  5823 | D:7      | Found an opulent altar of Gozag.
  5824 | D:7      | Found a runed translucent gate.
  5992 | D:7      | Noticed zeram's ghost (novice GrFi)
  5993 | D:7      | Noticed a two-headed ogre
  6037 | D:8      | Noticed a two-headed ogre
  6067 | D:7      | Mangled by a two-headed ogre

Illustrated notes

Levels and vault maps discovered:
D:1:      pf_arrival_petrified_forest, layout_rooms
D:2:      layout_rooms
D:3:      layout_rooms, basic_ecumenical_altar, ebering_ghost_sewer_d
D:4:      layout_rooms
D:5:      layout_basic
D:6:      layout_rooms, minmay_temple_entry_sparse_star, grunt_ministairs_7
D:7:      layout_cave_pools, ebering_ghost_gozag, minmay_door_square,
          uniq_menkaure
D:8:      layout_rooms, serial_shops, nicolae_shop_advertising_works
          [nicolae_subvault_shop_adworks], serial_corexii_hall,
          chequers_hall_statues_y, corexii_hall_statues_s,
          hangedman_glass_teeth, uniq_harold
Temple:   nicolae_temple_the_god_donut

Skill      XL: |  1  2  3  4  5  6  7  8 |
---------------+-------------------------+-----
Axes           | 2 3 4 5 6 |  6.3
Armour         | 4 5 6 |  6.1
Shields        | 4 5 6 |  6.1
Fighting       | 4 5 6 |  6.0

Action                   |  1- 3 |  4- 6 |  7- 9 || total
-------------------------+-------+-------+-------++-------
Melee: War axe           |   103 |   156 |    75 ||   334
       Hand axe          |       |       |    36 ||    36
       Broad axe         |       |       |    24 ||    24
Evoke: Wand              |       |       |     3 ||     3
  Use: Scroll            |       |     6 |     4 ||    10
       Potion            |       |     2 |     2 ||     4
Armor: Scale mail        |    75 |    66 |       ||   141
       Chain mail        |       |    22 |   120 ||   142
Dodge: Dodged            |    72 |    77 |    75 ||   224
Block: Buckler           |    23 |    28 |    40 ||    91
